 Dungeon Crawl Stone Soup version 0.29-a0-231-g945431f764 (webtiles) character file.

Game seed: 4008750976711388720

9 drugrobin the Shield-Bearer (level 1, -2/18 HPs)
             Began as a Demigod Fighter on Feb 28, 2022.
             Slain by a jackal (3 damage)
             ... on level 1 of the Dungeon.
             The game lasted 00:00:17 (27 turns).

drugrobin the Shield-Bearer (Demigod Fighter)         Turns: 27, Time: 00:00:18

Health: -2/18      AC:  6    Str: 17    XL:     1   Next: 86%
Magic:  3/3        EV:  8    Int: 10    God:
Gold:   0          SH:  4    Dex: 13    Spells: 0/0 levels left

rFire   . . .      SeeInvis .   a - +0 war axe
rCold   . . .      Faith    .   c - +0 buckler
rNeg    . . .      Spirit   .   b - +0 scale mail
rPois   .          Reflect  .   (no helmet)
rElec   .          Harm     .   (no cloak)
rCorr   .          Rampage  .   (no gloves)
Will    .....                   (no boots)
Stlth   ..........              (no amulet)
HPRegen 0.06/turn               (no ring)
MPRegen 0.08/turn               (no ring)

@: no status effects
A: high MP 1, forlorn, divine attributes
a: no special abilities


You were on level 1 of the Dungeon.
You visited 1 branch of the dungeon, and saw 1 of its levels.

Inventory:

Hand Weapons
 a - a +0 war axe (weapon)
Armour
 b - a +0 scale mail (worn)
 c - a +0 buckler (worn)
Potions
 d - a potion of might


   Skills:
 - Level 2.6 Fighting
 + Level 2.5 Axes
 - Level 2.6 Armour
 - Level 2.6 Shields


You couldn't memorise any spells.
You didn't know any spells.
Your spell library was empty.

Dungeon Overview and Level Annotations

Branches:
Dungeon (1/15)


Innate Abilities, Weirdness & Mutations

You have an increased reservoir of magic. (+10% MP)
You shall have no god before yourself.
Your divine heritage dramatically boosts your attributes as you level up.


Message History

The ball python constricts you. The frilled lizard bites you.
You block the jackal's attack.
Unknown command.
Unknown command.
You closely miss the ball python. You slash the frilled lizard!
You kill the frilled lizard!
You closely miss the bat. You closely miss the jackal.
The bat hits you but does no damage.
The jackal bites you but does no damage.
The ball python bites you. The ball python constricts you.
The jackal bites you.
The ball python bites you but does no damage.
The ball python constricts you. The bat hits you but does no damage.
The frilled lizard bites you but does no damage.
Unknown command.
You closely miss the ball python. You hit the jackal but do no damage.
You hit the bat. You closely miss the frilled lizard.
The bat hits you but does no damage.
The jackal bites you but does no damage.
The ball python bites you. The ball python constricts you.
* * * LOW HITPOINT WARNING * * *
You block the jackal's attack.
The frilled lizard completely misses you.
The ball python bites you.
* * * LOW HITPOINT WARNING * * *
The ball python constricts you.
Unknown command.
Unknown command.
Unknown command.
You escape the ball python's grasp.
You block the bat's attack. The jackal bites you.
* * * LOW HITPOINT WARNING * * *
Unknown command.
Unknown command.
Okay, then.
Unknown command.
You barely miss the jackal. You hit the frilled lizard.
You kill the frilled lizard!
The bat hits you but does no damage. The jackal bites you.
You die...

...## .. .#....###.
≈....≈....
.≈.≈.≈...###############
r≈≈≈≈$≈.. ...###<#8#÷#8#
≈≈≈≈≈≈..# #.#8#'#.#+#.#
≈≈≈≈≈.bS####.'..........
♣≈≈≈≈.h@.##.'..........
_.≈≈≈≈†##....#8#'#.#+#.#
.≈≈≈≈.. ########÷#8#÷#8#
≈≈≈≈≈≈≈ ##########
≈≈≈≈≈.≈ ≈≈≈≈≈≈≈ ≈.≈≈.≈≈
.......


You could see a jackal, a bat and a ball python.

Vanquished Creatures
  5 jackals (D:1)
  2 frilled lizards (D:1)
  A kobold (D:1)
  A rat (D:1)
9 creatures vanquished.

Notes
Turn   | Place    | Note
-------+----------+-------------------------------------------
     0 | D:1      | drugrobin the Demigod Fighter began the quest for the Orb.
     0 | D:1      | Reached XP level 1. HP: 18/18 MP: 3/3
    27 | D:1      | Slain by a jackal

Illustrated notes

Levels and vault maps discovered:
D:1:      wander_arrival_abandoned_jail, layout_rooms,
          chequers_ecumenical_altar_island

Skill      XL: |  1 |
---------------+----+-----
Axes           | 2 |  2.5
Fighting       | |  2.6
Armour         | |  2.6
Shields        | |  2.6

Action                   || total
-------------------------++-------
Melee: War axe           ||    11
Armor: Scale mail        ||    19
Dodge: Dodged            ||     7
Block: Buckler           ||     5

Table legend: (Time is in decaauts)
 A = Elapsed time spent in this place.
 B = Non-inter-level travel time spent in this place.
 C = Inter-level travel time spent in this place.
 D = Time resting spent in this place.
 E = Time spent auto-exploring this place.
 F = Levels seen in this place.
 G = Mean time per level.
                   A        B        C        D        E       F      G
               +--------+--------+--------+--------+--------+-----+--------+
         Total |     31 |     31 |      0 |      0 |     11 |   1 |   31.0 |
       Dungeon |     31 |     31 |      0 |      0 |     11 |   1 |   31.0 |
               +--------+--------+--------+--------+--------+-----+--------+

Top non-repeatable levels by time:
     D:1: 31 daAuts
